AoeStats
← earlitepainters

Arena

508990786Analyzed
3v3 RM · 8d ago on Sep 25, 2026· 31m 7s· 6 players
Game mode
Random Map
Map size
Normal (6 player)
Population
200
Speed
Normal
Resources
Standard
Victory
Conquest
Starting age
Dark Age
Ending age
Imperial Age
RankedLock teamsTeams togetherTeam positionsShared explorationLock speedFull tech treeHidden civsTurbo modeCheats
Victory
Defeat
🇵🇱 Bohemians · Poland
1293
+11
🇦🇺 Turks · Australia
1261
+13
🇨🇿 Bengalis · Czechia
1258
+13
🇺🇸 Saxons · United States
1203
-13
🇺🇸 Varangians · United States
1184
-12
🇺🇸 Bohemians · United States
1176
-12
Tonix
8:46 Feudal Age
13:39 Castle Age
15:39 Loom
18:22 Redemption
22:01 Fervor
21:52 Gold Mining
22:47 Sanctity
23:03 Double-Bit Axe
24:46 Wheelbarrow
Bipedal_Man
10:11 Feudal Age
14:04 Castle Age
13:37 Horse Collar
13:43 Double-Bit Axe
14:48 Loom
20:20 Loom
21:59 Wheelbarrow
23:20 Heavy Plow
23:57 Hand Cart
23:28 Town Watch
24:03 Bow Saw
28:33 Imperial Age
27:22 Chemistry
26:23 Padded Archer Armor
27:41 Leather Archer Armor
29:39 Scale Mail Armor
30:12 Ring Archer Armor
earlitepainters
10:20 Feudal Age
14:17 Castle Age
14:11 Double-Bit Axe
25:24 Horse Collar
27:28 Bow Saw
CantBoarLure
dong
6:07 Loom
11:23 Feudal Age
11:50 Double-Bit Axe
11:47 Horse Collar
16:59 Castle Age
16:02 Gold Mining
18:19 Scale Mail Armor
21:28 Forging
23:16 Squires
25:37 Arson
26:12 Chain Mail Armor
27:23 Iron Casting
26:36 Gambesons
一杯茶
10:49 Feudal Age
14:49 Castle Age
13:01 Double-Bit Axe
13:33 Horse Collar
14:53 Gold Mining
15:30 Bloodlines
16:58 Scale Barding Armor
26:56 Forging
Connection lost

Rejoining the realm…

Still unreachable

The connection could not be restored.

Session expired

The server has moved on; the page needs a fresh start.